 Dungeon Crawl Stone Soup version 0.31-a0-981-geadf994542 (webtiles) character file.

Game seed: 6352424612334366438

235 Whiskey the Changeling (level 6, -4/38 HPs)
             Began as an Octopode Shapeshifter on Nov 2, 2023.
             Shot with an arrow by a centaur (9 damage)
             ... on level 4 of the Dungeon.
             The game lasted 00:04:01 (2790 turns).

Whiskey the Changeling (Octopode Shapeshifter)      Turns: 2790, Time: 00:04:01

Health: -4/38      AC:  1    Str: 13    XL:     6   Next: 6%
Magic:  6/6        EV: 13    Int: 15    God:
Gold:   250        SH:  0    Dex: 11    Spells: 5/5 levels left

rFire   . . .        l - +0 short sword (elec)
rCold   . . .        (no shield)
rNeg    . . .        (helmet currently unavailable)
rPois   .            (no amulet)
rElec   .            (no ring)
rCorr   .            (no ring)
SInv    .            (no ring)
Will    .....        (no ring)
Stlth   ++           (no ring)
HPRegen 0.26/turn    (no ring)
MPRegen 0.10/turn    (no ring)
                     (no ring)

%: no passive effects
@: beast-form
A: beast (slay +3), almost no armour, amphibious, 8 rings, camouflage 1,
gelatinous body 1, (nimble swimmer 1), tentacles
a: Begin Untransformation


You were on level 4 of the Dungeon.
You were a hulking beast.
You visited 1 branch of the dungeon, and saw 4 of its levels.

You collected 250 gold pieces.

Inventory:

Hand Weapons
 l - a +0 short sword of electrocution (weapon)
   (You took it off a kobold on level 2 of the Dungeon)
Jewellery
 s - a +5 ring of evasion
   (You took it off a goblin on level 3 of the Dungeon)
Talismans
 b - a beast talisman
 c - a flux talisman
Wands
 p - a wand of flame (11)
   (You found it on level 3 of the Dungeon)
Scrolls
 e - 9 scrolls of identify {unknown}
 g - a scroll of teleportation {unknown}
 h - a scroll of vulnerability {unknown}
 k - a scroll of fear {unknown}
 n - a scroll of fog {unknown}
 o - a scroll of revelation {unknown}
 q - a scroll of immolation {unknown}
 r - 3 scrolls of noise {unknown}
 u - a scroll of enchant armour {unknown}
Potions
 a - a potion of lignification {!q}
 d - 3 potions of mutation {unknown}
 f - 2 potions of curing {unknown}
 i - a potion of cancellation {unknown}
 j - a potion of ambrosia {unknown}
 m - a potion of might {unknown}
 t - a potion of heal wounds {unknown}
 v - a potion of brilliance {unknown}
 w - a potion of haste {unknown}


   Skills:
 - Level 1.0 Fighting
 - Level 2.0 Dodging
 - Level 3.0 Unarmed Combat
 * Level 6.1 Shapeshifting


You had 5 spell levels left.
You didn't know any spells.
Your spell library contained the following spells:

 Spells                   Type           Power      Damage    Failure   Level
 Ozocubu's Armour         Ice            0%         N/A       63%         3
 Metabolic Englaciation   Hex/Ice        0%         N/A       100%        5
 Simulacrum               Ice/Necr       0%         N/A       100%        6


Dungeon Overview and Level Annotations

Branches:
Dungeon (4/15)
 Temple: D:4-7

Altars:


Innate Abilities, Weirdness & Mutations

You are a hulking beast.
Your limbs bulge with bestial killing power. (Slay +3)
You cannot wear most types of armour.
You are amphibious.
You can wear up to eight rings at the same time.
Your skin changes colour to match your surroundings (Stealth+).
Your rubbery body absorbs attacks. (AC +1, EV +1)
((You are camouflaged when in or above water. (Stealth+)))
You have tentacles for arms and can constrict up to eight enemies at once.


Message History

You hit the kobold.
You kill the kobold!
No target in view!
No target in view!
No target in view!
No target in view!
No target in view!
Things that are here:
a +0 dagger; 7 poisoned darts A ball python comes into view.
You barely miss the ball python. Your grab misses the ball python.
Your squeeze misses the ball python. The ball python barely misses you.
The ball python grabs you. The ball python constricts you.
You take 1 damage, and have 27/28 hp.
You barely miss the ball python. You grab the ball python.
You constrict the ball python.
You kill the ball python!
You have reached level 5!
You feel clever.
You regained 5 hp, and now have 32/33 hp.
MP restored: 5 Edmund and a hobgoblin come into view.
Edmund is wielding a +2 flail of holy wrath and carrying a wand of flame.
The hobgoblin shouts!
Health restored: 33 Edmund shouts!
You hit Edmund. You grab Edmund. You constrict Edmund.
Edmund hits you with a +2 flail of holy wrath!
You take 11 damage, and have 22/33 hp.
MASSIVE DAMAGE!!
You hit Edmund but do no damage. Lightning courses through Edmund!
You tentacle-slap Edmund, but do no damage.
You constrict Edmund, but do no damage.
Edmund hits you with a +2 flail of holy wrath!
You take 10 damage, and have 12/33 hp.
MASSIVE DAMAGE!!
You are too injured to fight recklessly!
You are too injured to fight recklessly!
You hit Edmund. Lightning courses through Edmund! You constrict Edmund.
A giant cockroach comes into view.
The hobgoblin hits you.
* * * LOW HITPOINT WARNING * * *
Edmund zaps a wand.
The puff of flame misses you.
You take 3 damage, and have 9/33 hp.
You puncture Edmund!
You kill Edmund!
The giant cockroach waves its antennae.
The hobgoblin completely misses you.
Your Shapeshifting skill increases to level 6!
You have reached level 6!
You regained 2 hp, and now have 11/38 hp.
MP restored: 6 You closely miss the hobgoblin.
You grab the hobgoblin. You constrict the hobgoblin.
The hobgoblin closely misses you.
You hit the hobgoblin.
You kill the hobgoblin!
The giant cockroach bites you.
* * * LOW HITPOINT WARNING * * *
You take 2 damage, and have 11/38 hp.
You hit the giant cockroach. You grab the giant cockroach.
You constrict the giant cockroach, but do no damage.
The giant cockroach bites you but does no damage.
You hit the giant cockroach.
You kill the giant cockroach!
You see here a giant cockroach corpse.
You start resting.
A centaur comes into view.
You regained 14 hp, and now have 26/38 hp.
An orc comes into view. It is wielding a +0 club.
An orc comes into view. It is wielding a +0 club.
An iguana and an orc come into view.
The orc shouts! x2
The orc closely misses you.
You hear a shout!
You barely miss the orc. Your grab misses the orc.
The orc hits you with a +0 club.
You take 1 damage, and have 28/38 hp.
You hit the orc. Lightning courses through the orc!
You kill the orc!
The orc completely misses you.
You hit the orc. Your grab misses the orc. You squeeze the orc.
The centaur wields a +0 shortbow.
The centaur shoots an arrow.
The arrow closely misses you.
The arrow hits the orc.
The orc completely misses you.
You hit the orc. Your grab misses the orc. You squeeze the orc.
You kill the orc!
The centaur shoots an arrow.
The arrow hits you!
You take 11 damage, and have 18/38 hp.
MASSIVE DAMAGE!!
You are too injured to fight recklessly!
You are too injured to fight recklessly!
You are too injured to fight recklessly!
You are too injured to fight recklessly!
You barely miss the orc. Your grab misses the orc. You tentacle-slap the orc.
Your squeeze misses the orc.
The centaur shoots an arrow.
The arrow hits you!
* * * LOW HITPOINT WARNING * * *
The orc misses you. The iguana bites you.
* * * LOW HITPOINT WARNING * * *
You take 14 damage, and have 4/38 hp.
MASSIVE DAMAGE!!
You hit the orc but do no damage. You grab the orc.
You constrict the orc, but do no damage.
The centaur shoots an arrow.
The arrow hits you!
You die...

..#.#######..
.#....#.... #
...#.#.#.... .#
.......... .. .....#...
#. ....#.. #.#o#.#.#
#.lh#.#.# ###.....# .#.
.. #.....# #.... ..
###c#.### #...## .#
#.#..)####....#. .
#.###....#...#.# #. #.#
#....#..##.# .
#.#####.###.#...#.#...
....#...........##....†#


You could see a centaur, an iguana and an orc.

Vanquished Creatures
  Edmund (D:4)
  3 adders
  2 worms (D:2)
  A dart slug (D:1)
  2 orcs (D:4)
  2 bats
  9 endoplasms
  4 giant cockroaches
  7 goblins
  13 hobgoblins
  6 jackals
  2 quokkas
  7 ball pythons
  2 frilled lizards (D:1)
  9 kobolds
  9 rats
79 creatures vanquished.

Notes
Turn   | Place    | Note
-------+----------+-------------------------------------------
     0 | D:1      | Whiskey the Octopode Shapeshifter began the quest for the
                  | Orb.
     0 | D:1      | Reached XP level 1. HP: 13/13 MP: 1/1
   116 | D:1      | HP: 3/13 [jackal (3)]
   121 | D:1      | Reached XP level 2. HP: 6/18 MP: 2/2
   452 | D:1      | Reached XP level 3. HP: 16/23 MP: 3/3
   504 | D:1      | Reached skill level 4 in Shapeshifting
  1106 | D:2      | Reached XP level 4. HP: 7/28 MP: 4/4
  1780 | D:2      | Found a faded altar of an unknown god.
  2213 | D:3      | HP: 6/28 [goblin/sling bullet (3)]
  2221 | D:3      | Reached skill level 5 in Shapeshifting
  2221 | D:3      | HP: 3/28 [goblin/sling bullet (4)]
  2228 | D:3      | HP: 2/28 [goblin/+0 club (3)]
  2693 | D:4      | Reached XP level 5. HP: 32/33 MP: 5/5
  2702 | D:4      | Noticed Edmund
  2707 | D:4      | Killed Edmund
  2708 | D:4      | Reached skill level 6 in Shapeshifting
  2708 | D:4      | Reached XP level 6. HP: 11/38 MP: 6/6
  2789 | D:4      | HP: 8/38 [centaur/arrow (10)]
  2790 | D:4      | Shot with an arrow by a centaur

Illustrated notes

Levels and vault maps discovered:
D:1:      dpeg_arrival_court, layout_loops_cross, nicolae_hexahallways
D:2:      layout_basic, shapermc_ecumenical_altar_hornbeckon
D:3:      layout_loops_ring
D:4:      layout_basic, minmay_ruptured, uniq_edmund

Skill      XL: |  1  2  3  4  5 |
---------------+----------------+-----
Shapeshifting  | 4 5 6 |  6.1
Fighting       | |  1.0
Dodging        | |  2.0
Unarmed Combat | |  3.0

Action                     |  1- 3 |  4- 6 || total
---------------------------+-------+-------++-------
  Melee: Unarmed           |    64 |       ||    64
         Constrict         |    19 |    15 ||    34
         Tentacles         |    20 |    12 ||    32
         Punch             |     1 |     3 ||     4
         Short sword       |     4 |    74 ||    78
   Stab: Sleeping          |     5 |     8 ||    13
 Armour: Skin              |    23 |    31 ||    54
  Dodge: Dodged            |    32 |    48 ||    80

Table legend: (Time is in decaauts)
 A = Elapsed time spent in this place.
 B = Non-inter-level travel time spent in this place.
 C = Inter-level travel time spent in this place.
 D = Time resting spent in this place.
 E = Time spent auto-exploring this place.
 F = Levels seen in this place.
 G = Mean time per level.
                   A        B        C        D        E       F      G
               +--------+--------+--------+--------+--------+-----+--------+
         Total |   2784 |   2729 |     55 |    247 |   2054 |   4 |  696.0 |
       Dungeon |   2784 |   2729 |     55 |    247 |   2054 |   4 |  696.0 |
               +--------+--------+--------+--------+--------+-----+--------+

Top non-repeatable levels by time:
     D:1: 962 daAuts
     D:2: 922 daAuts
     D:3: 695 daAuts
     D:4: 203 daAuts

Levels and vault maps discovered:
D:1:      dpeg_arrival_court, layout_loops_cross, nicolae_hexahallways
D:2:      layout_basic, shapermc_ecumenical_altar_hornbeckon
D:3:      layout_loops_ring
D:4:      layout_basic, minmay_ruptured, uniq_edmund

Table legend: (Time is in decaauts)
 A = Elapsed time spent in this place.
 B = Non-inter-level travel time spent in this place.
 C = Inter-level travel time spent in this place.
 D = Time resting spent in this place.
 E = Time spent auto-exploring this place.
 F = Levels seen in this place.
 G = Mean time per level.
                   A        B        C        D        E       F      G
               +--------+--------+--------+--------+--------+-----+--------+
         Total |   2784 |   2729 |     55 |    247 |   2054 |   4 |  696.0 |
       Dungeon |   2784 |   2729 |     55 |    247 |   2054 |   4 |  696.0 |
               +--------+--------+--------+--------+--------+-----+--------+

Top non-repeatable levels by time:
     D:1: 962 daAuts
     D:2: 922 daAuts
     D:3: 695 daAuts
     D:4: 203 daAuts

Table legend:
 A = Kills in this place as a percentage of kills in the entire game.
 B = Kills by you in this place as a percentage of kills by you in the entire game.
 C = Kills by friends in this place as a percentage of kills by friends in the entire game.
 D = Other kills in this place as a percentage of other kills in the entire game.
 E = Experience gained in this place as a percentage of experience gained in the entire game.
 F = Experience gained in this place divided by the number of levels of this place that you have seen.
                   A       B       C       D       E      F
               +-------+-------+-------+-------+-------+----------------------
         Total | 100.0 | 100.0 |   N/A |   N/A | 100.0 |  84.2
       Dungeon | 100.0 | 100.0 |   N/A |   N/A | 100.0 |  84.2
               +-------+-------+-------+-------+-------+----------------------
